%YAML 1.1
%TAG !u! tag:unity3d.com,2011:
--- !u!1 &3949322488721182665
GameObject:
  m_ObjectHideFlags: 0
  m_CorrespondingSourceObject: {fileID: 0}
  m_PrefabInstance: {fileID: 0}
  m_PrefabAsset: {fileID: 0}
  serializedVersion: 6
  m_Component:
  - component: {fileID: 2486663780965340942}
  m_Layer: 0
  m_Name: Pavement
  m_TagString: Untagged
  m_Icon: {fileID: 0}
  m_NavMeshLayer: 0
  m_StaticEditorFlags: 0
  m_IsActive: 1
--- !u!4 &2486663780965340942
Transform:
  m_ObjectHideFlags: 0
  m_CorrespondingSourceObject: {fileID: 0}
  m_PrefabInstance: {fileID: 0}
  m_PrefabAsset: {fileID: 0}
  m_GameObject: {fileID: 3949322488721182665}
  m_LocalRotation: {x: 0, y: 0, z: 0, w: 1}
  m_LocalPosition: {x: 0, y: 0, z: 0}
  m_LocalScale: {x: 1, y: 1, z: 1}
  m_Children:
  - {fileID: 4326449693323534347}
  - {fileID: 2484497888793902517}
  - {fileID: 8013581930123207630}
  - {fileID: 1095220295347610446}
  - {fileID: 1230702226068302621}
  - {fileID: 7189996165036034564}
  m_Father: {fileID: 1682435362963659099}
  m_RootOrder: 2
  m_LocalEulerAnglesHint: {x: 0, y: 0, z: 0}
--- !u!1 &5588283826017608846
GameObject:
  m_ObjectHideFlags: 0
  m_CorrespondingSourceObject: {fileID: 0}
  m_PrefabInstance: {fileID: 0}
  m_PrefabAsset: {fileID: 0}
  serializedVersion: 6
  m_Component:
  - component: {fileID: 8161612656808989192}
  m_Layer: 0
  m_Name: East
  m_TagString: Untagged
  m_Icon: {fileID: 0}
  m_NavMeshLayer: 0
  m_StaticEditorFlags: 0
  m_IsActive: 1
--- !u!4 &8161612656808989192
Transform:
  m_ObjectHideFlags: 0
  m_CorrespondingSourceObject: {fileID: 0}
  m_PrefabInstance: {fileID: 0}
  m_PrefabAsset: {fileID: 0}
  m_GameObject: {fileID: 5588283826017608846}
  m_LocalRotation: {x: -0, y: -0.0000045597553, z: -0, w: -1}
  m_LocalPosition: {x: 6.5, y: 0, z: -0}
  m_LocalScale: {x: 1, y: 1, z: 1}
  m_Children:
  - {fileID: 2484497890026922558}
  - {fileID: 2484497890297568638}
  m_Father: {fileID: 1682435362963659099}
  m_RootOrder: 1
  m_LocalEulerAnglesHint: {x: 0, y: 0, z: 0}
--- !u!1 &5699297391516273394
GameObject:
  m_ObjectHideFlags: 0
  m_CorrespondingSourceObject: {fileID: 0}
  m_PrefabInstance: {fileID: 0}
  m_PrefabAsset: {fileID: 0}
  serializedVersion: 6
  m_Component:
  - component: {fileID: 4150568125881694722}
  m_Layer: 0
  m_Name: South
  m_TagString: Untagged
  m_Icon: {fileID: 0}
  m_NavMeshLayer: 0
  m_StaticEditorFlags: 0
  m_IsActive: 1
--- !u!4 &4150568125881694722
Transform:
  m_ObjectHideFlags: 0
  m_CorrespondingSourceObject: {fileID: 0}
  m_PrefabInstance: {fileID: 0}
  m_PrefabAsset: {fileID: 0}
  m_GameObject: {fileID: 5699297391516273394}
  m_LocalRotation: {x: 0, y: 0, z: 0, w: 1}
  m_LocalPosition: {x: 0, y: 0, z: -6.5}
  m_LocalScale: {x: 1, y: 1, z: 1}
  m_Children:
  - {fileID: 2484497888929948208}
  - {fileID: 2484497889238978836}
  m_Father: {fileID: 1682435362963659099}
  m_RootOrder: 4
  m_LocalEulerAnglesHint: {x: 0, y: 0, z: 0}
--- !u!1 &5806971517878005337
GameObject:
  m_ObjectHideFlags: 0
  m_CorrespondingSourceObject: {fileID: 0}
  m_PrefabInstance: {fileID: 0}
  m_PrefabAsset: {fileID: 0}
  serializedVersion: 6
  m_Component:
  - component: {fileID: 1569413302646639620}
  m_Layer: 0
  m_Name: Center
  m_TagString: Untagged
  m_Icon: {fileID: 0}
  m_NavMeshLayer: 0
  m_StaticEditorFlags: 0
  m_IsActive: 1
--- !u!4 &1569413302646639620
Transform:
  m_ObjectHideFlags: 0
  m_CorrespondingSourceObject: {fileID: 0}
  m_PrefabInstance: {fileID: 0}
  m_PrefabAsset: {fileID: 0}
  m_GameObject: {fileID: 5806971517878005337}
  m_LocalRotation: {x: 0, y: 0, z: 0, w: 1}
  m_LocalPosition: {x: 0, y: 0, z: 0}
  m_LocalScale: {x: 1, y: 1, z: 1}
  m_Children:
  - {fileID: 2484497888761009767}
  - {fileID: 2484497889361947451}
  - {fileID: 2484497890162350808}
  - {fileID: 2484497890382668824}
  m_Father: {fileID: 1682435362963659099}
  m_RootOrder: 0
  m_LocalEulerAnglesHint: {x: 0, y: 0, z: 0}
--- !u!1 &6779282248948444977
GameObject:
  m_ObjectHideFlags: 0
  m_CorrespondingSourceObject: {fileID: 0}
  m_PrefabInstance: {fileID: 0}
  m_PrefabAsset: {fileID: 0}
  serializedVersion: 6
  m_Component:
  - component: {fileID: 1682435362963659099}
  - component: {fileID: 1929101100484375460}
  - component: {fileID: 4268401987894089247}
  m_Layer: 0
  m_Name: Road_Junction
  m_TagString: Untagged
  m_Icon: {fileID: 0}
  m_NavMeshLayer: 0
  m_StaticEditorFlags: 0
  m_IsActive: 1
--- !u!4 &1682435362963659099
Transform:
  m_ObjectHideFlags: 0
  m_CorrespondingSourceObject: {fileID: 0}
  m_PrefabInstance: {fileID: 0}
  m_PrefabAsset: {fileID: 0}
  m_GameObject: {fileID: 6779282248948444977}
  m_LocalRotation: {x: -0, y: 0.0000045597553, z: -0, w: -1}
  m_LocalPosition: {x: 0, y: 0, z: 0}
  m_LocalScale: {x: 1, y: 1, z: 1}
  m_Children:
  - {fileID: 1569413302646639620}
  - {fileID: 8161612656808989192}
  - {fileID: 2486663780965340942}
  - {fileID: 5649092369451393666}
  - {fileID: 4150568125881694722}
  m_Father: {fileID: 0}
  m_RootOrder: 0
  m_LocalEulerAnglesHint: {x: 0, y: 0, z: 0}
--- !u!114 &1929101100484375460
MonoBehaviour:
  m_ObjectHideFlags: 0
  m_CorrespondingSourceObject: {fileID: 0}
  m_PrefabInstance: {fileID: 0}
  m_PrefabAsset: {fileID: 0}
  m_GameObject: {fileID: 6779282248948444977}
  m_Enabled: 1
  m_EditorHideFlags: 0
  m_Script: {fileID: 11500000, guid: ad8f054f47e6472581c773771c181bc4, type: 3}
  m_Name: 
  m_EditorClassIdentifier: 
  comingFrom: 4
  goingTo: 4
  junctionData:
    north: {fileID: 5649092369451393666}
    east: {fileID: 8161612656808989192}
    south: {fileID: 4150568125881694722}
--- !u!65 &4268401987894089247
BoxCollider:
  m_ObjectHideFlags: 0
  m_CorrespondingSourceObject: {fileID: 0}
  m_PrefabInstance: {fileID: 0}
  m_PrefabAsset: {fileID: 0}
  m_GameObject: {fileID: 6779282248948444977}
  m_Material: {fileID: 0}
  m_IsTrigger: 1
  m_Enabled: 1
  serializedVersion: 2
  m_Size: {x: 20, y: 6, z: 20}
  m_Center: {x: 0, y: 3, z: 0}
--- !u!1 &7717470968696966125
GameObject:
  m_ObjectHideFlags: 0
  m_CorrespondingSourceObject: {fileID: 0}
  m_PrefabInstance: {fileID: 0}
  m_PrefabAsset: {fileID: 0}
  serializedVersion: 6
  m_Component:
  - component: {fileID: 5649092369451393666}
  m_Layer: 0
  m_Name: North
  m_TagString: Untagged
  m_Icon: {fileID: 0}
  m_NavMeshLayer: 0
  m_StaticEditorFlags: 0
  m_IsActive: 1
--- !u!4 &5649092369451393666
Transform:
  m_ObjectHideFlags: 0
  m_CorrespondingSourceObject: {fileID: 0}
  m_PrefabInstance: {fileID: 0}
  m_PrefabAsset: {fileID: 0}
  m_GameObject: {fileID: 7717470968696966125}
  m_LocalRotation: {x: 0, y: 0, z: 0, w: 1}
  m_LocalPosition: {x: 0, y: 0, z: 6.5}
  m_LocalScale: {x: 1, y: 1, z: 1}
  m_Children:
  - {fileID: 8686700345683668071}
  - {fileID: 2697530506352868101}
  m_Father: {fileID: 1682435362963659099}
  m_RootOrder: 3
  m_LocalEulerAnglesHint: {x: 0, y: 0, z: 0}
--- !u!1001 &1095220295347236556
PrefabInstance:
  m_ObjectHideFlags: 0
  serializedVersion: 2
  m_Modification:
    m_TransformParent: {fileID: 2486663780965340942}
    m_Modifications:
    - target: {fileID: 195910, guid: ae7b8255185ace64ca379cb1ca3b24e6, type: 3}
      propertyPath: m_Name
      value: SM_Env_Sidewalk_Straight_01 (2)
      objectReference: {fileID: 0}
    - target: {fileID: 413058, guid: ae7b8255185ace64ca379cb1ca3b24e6, type: 3}
      propertyPath: m_LocalPosition.x
      value: -5
      objectReference: {fileID: 0}
    - target: {fileID: 413058, guid: ae7b8255185ace64ca379cb1ca3b24e6, type: 3}
      propertyPath: m_LocalPosition.y
      value: 0
      objectReference: {fileID: 0}
    - target: {fileID: 413058, guid: ae7b8255185ace64ca379cb1ca3b24e6, type: 3}
      propertyPath: m_LocalPosition.z
      value: 0
      objectReference: {fileID: 0}
    - target: {fileID: 413058, guid: ae7b8255185ace64ca379cb1ca3b24e6, type: 3}
      propertyPath: m_LocalRotation.x
      value: -0
      objectReference: {fileID: 0}
    - target: {fileID: 413058, guid: ae7b8255185ace64ca379cb1ca3b24e6, type: 3}
      propertyPath: m_LocalRotation.y
      value: 0.7071068
      objectReference: {fileID: 0}
    - target: {fileID: 413058, guid: ae7b8255185ace64ca379cb1ca3b24e6, type: 3}
      propertyPath: m_LocalRotation.z
      value: -0
      objectReference: {fileID: 0}
    - target: {fileID: 413058, guid: ae7b8255185ace64ca379cb1ca3b24e6, type: 3}
      propertyPath: m_LocalRotation.w
      value: 0.7071068
      objectReference: {fileID: 0}
    - target: {fileID: 413058, guid: ae7b8255185ace64ca379cb1ca3b24e6, type: 3}
      propertyPath: m_RootOrder
      value: 3
      objectReference: {fileID: 0}
    - target: {fileID: 413058, guid: ae7b8255185ace64ca379cb1ca3b24e6, type: 3}
      propertyPath: m_LocalEulerAnglesHint.x
      value: 0
      objectReference: {fileID: 0}
    - target: {fileID: 413058, guid: ae7b8255185ace64ca379cb1ca3b24e6, type: 3}
      propertyPath: m_LocalEulerAnglesHint.y
      value: 90
      objectReference: {fileID: 0}
    - target: {fileID: 413058, guid: ae7b8255185ace64ca379cb1ca3b24e6, type: 3}
      propertyPath: m_LocalEulerAnglesHint.z
      value: 0
      objectReference: {fileID: 0}
    m_RemovedComponents: []
  m_SourcePrefab: {fileID: 100100000, guid: ae7b8255185ace64ca379cb1ca3b24e6, type: 3}
--- !u!4 &1095220295347610446 stripped
Transform:
  m_CorrespondingSourceObject: {fileID: 413058, guid: ae7b8255185ace64ca379cb1ca3b24e6,
    type: 3}
  m_PrefabInstance: {fileID: 1095220295347236556}
  m_PrefabAsset: {fileID: 0}
--- !u!1001 &1230702226068154015
PrefabInstance:
  m_ObjectHideFlags: 0
  serializedVersion: 2
  m_Modification:
    m_TransformParent: {fileID: 2486663780965340942}
    m_Modifications:
    - target: {fileID: 195910, guid: ae7b8255185ace64ca379cb1ca3b24e6, type: 3}
      propertyPath: m_Name
      value: SM_Env_Sidewalk_Straight_01 (1)
      objectReference: {fileID: 0}
    - target: {fileID: 413058, guid: ae7b8255185ace64ca379cb1ca3b24e6, type: 3}
      propertyPath: m_LocalPosition.x
      value: -5
      objectReference: {fileID: 0}
    - target: {fileID: 413058, guid: ae7b8255185ace64ca379cb1ca3b24e6, type: 3}
      propertyPath: m_LocalPosition.y
      value: 0
      objectReference: {fileID: 0}
    - target: {fileID: 413058, guid: ae7b8255185ace64ca379cb1ca3b24e6, type: 3}
      propertyPath: m_LocalPosition.z
      value: -5
      objectReference: {fileID: 0}
    - target: {fileID: 413058, guid: ae7b8255185ace64ca379cb1ca3b24e6, type: 3}
      propertyPath: m_LocalRotation.x
      value: -0
      objectReference: {fileID: 0}
    - target: {fileID: 413058, guid: ae7b8255185ace64ca379cb1ca3b24e6, type: 3}
      propertyPath: m_LocalRotation.y
      value: 0.7071068
      objectReference: {fileID: 0}
    - target: {fileID: 413058, guid: ae7b8255185ace64ca379cb1ca3b24e6, type: 3}
      propertyPath: m_LocalRotation.z
      value: -0
      objectReference: {fileID: 0}
    - target: {fileID: 413058, guid: ae7b8255185ace64ca379cb1ca3b24e6, type: 3}
      propertyPath: m_LocalRotation.w
      value: 0.7071068
      objectReference: {fileID: 0}
    - target: {fileID: 413058, guid: ae7b8255185ace64ca379cb1ca3b24e6, type: 3}
      propertyPath: m_RootOrder
      value: 4
      objectReference: {fileID: 0}
    - target: {fileID: 413058, guid: ae7b8255185ace64ca379cb1ca3b24e6, type: 3}
      propertyPath: m_LocalEulerAnglesHint.x
      value: 0
      objectReference: {fileID: 0}
    - target: {fileID: 413058, guid: ae7b8255185ace64ca379cb1ca3b24e6, type: 3}
      propertyPath: m_LocalEulerAnglesHint.y
      value: 90
      objectReference: {fileID: 0}
    - target: {fileID: 413058, guid: ae7b8255185ace64ca379cb1ca3b24e6, type: 3}
      propertyPath: m_LocalEulerAnglesHint.z
      value: 0
      objectReference: {fileID: 0}
    m_RemovedComponents: []
  m_SourcePrefab: {fileID: 100100000, guid: ae7b8255185ace64ca379cb1ca3b24e6, type: 3}
--- !u!4 &1230702226068302621 stripped
Transform:
  m_CorrespondingSourceObject: {fileID: 413058, guid: ae7b8255185ace64ca379cb1ca3b24e6,
    type: 3}
  m_PrefabInstance: {fileID: 1230702226068154015}
  m_PrefabAsset: {fileID: 0}
--- !u!1001 &2484497888760648585
PrefabInstance:
  m_ObjectHideFlags: 0
  serializedVersion: 2
  m_Modification:
    m_TransformParent: {fileID: 1569413302646639620}
    m_Modifications:
    - target: {fileID: 493038, guid: dab5db0c0226560499e1021898aafb64, type: 3}
      propertyPath: m_LocalPosition.x
      value: 5
      objectReference: {fileID: 0}
    - target: {fileID: 493038, guid: dab5db0c0226560499e1021898aafb64, type: 3}
      propertyPath: m_LocalPosition.y
      value: 0
      objectReference: {fileID: 0}
    - target: {fileID: 493038, guid: dab5db0c0226560499e1021898aafb64, type: 3}
      propertyPath: m_LocalPosition.z
      value: -5
      objectReference: {fileID: 0}
    - target: {fileID: 493038, guid: dab5db0c0226560499e1021898aafb64, type: 3}
      propertyPath: m_LocalRotation.x
      value: -0
      objectReference: {fileID: 0}
    - target: {fileID: 493038, guid: dab5db0c0226560499e1021898aafb64, type: 3}
      propertyPath: m_LocalRotation.y
      value: -0.707109
      objectReference: {fileID: 0}
    - target: {fileID: 493038, guid: dab5db0c0226560499e1021898aafb64, type: 3}
      propertyPath: m_LocalRotation.z
      value: -0
      objectReference: {fileID: 0}
    - target: {fileID: 493038, guid: dab5db0c0226560499e1021898aafb64, type: 3}
      propertyPath: m_LocalRotation.w
      value: -0.7071047
      objectReference: {fileID: 0}
    - target: {fileID: 493038, guid: dab5db0c0226560499e1021898aafb64, type: 3}
      propertyPath: m_RootOrder
      value: 0
      objectReference: {fileID: 0}
    - target: {fileID: 2304996, guid: dab5db0c0226560499e1021898aafb64, type: 3}
      propertyPath: m_Materials.Array.data[0]
      value: 
      objectReference: {fileID: 2100000, guid: 9415d5fbf987e4d47b3c90bea3a0d824, type: 2}
    m_RemovedComponents: []
  m_SourcePrefab: {fileID: 100100000, guid: dab5db0c0226560499e1021898aafb64, type: 3}
--- !u!4 &2484497888761009767 stripped
Transform:
  m_CorrespondingSourceObject: {fileID: 493038, guid: dab5db0c0226560499e1021898aafb64,
    type: 3}
  m_PrefabInstance: {fileID: 2484497888760648585}
  m_PrefabAsset: {fileID: 0}
--- !u!1001 &2484497888793749201
PrefabInstance:
  m_ObjectHideFlags: 0
  serializedVersion: 2
  m_Modification:
    m_TransformParent: {fileID: 2486663780965340942}
    m_Modifications:
    - target: {fileID: 152188, guid: d61bd59519ec86446a34df8af9f85be5, type: 3}
      propertyPath: m_Name
      value: SM_Env_Sidewalk_Dip_Corner_02
      objectReference: {fileID: 0}
    - target: {fileID: 449380, guid: d61bd59519ec86446a34df8af9f85be5, type: 3}
      propertyPath: m_LocalPosition.x
      value: 10
      objectReference: {fileID: 0}
    - target: {fileID: 449380, guid: d61bd59519ec86446a34df8af9f85be5, type: 3}
      propertyPath: m_LocalPosition.y
      value: 0
      objectReference: {fileID: 0}
    - target: {fileID: 449380, guid: d61bd59519ec86446a34df8af9f85be5, type: 3}
      propertyPath: m_LocalPosition.z
      value: -5
      objectReference: {fileID: 0}
    - target: {fileID: 449380, guid: d61bd59519ec86446a34df8af9f85be5, type: 3}
      propertyPath: m_LocalRotation.x
      value: -0
      objectReference: {fileID: 0}
    - target: {fileID: 449380, guid: d61bd59519ec86446a34df8af9f85be5, type: 3}
      propertyPath: m_LocalRotation.y
      value: -0.0000029504295
      objectReference: {fileID: 0}
    - target: {fileID: 449380, guid: d61bd59519ec86446a34df8af9f85be5, type: 3}
      propertyPath: m_LocalRotation.z
      value: -0
      objectReference: {fileID: 0}
    - target: {fileID: 449380, guid: d61bd59519ec86446a34df8af9f85be5, type: 3}
      propertyPath: m_LocalRotation.w
      value: -1
      objectReference: {fileID: 0}
    - target: {fileID: 449380, guid: d61bd59519ec86446a34df8af9f85be5, type: 3}
      propertyPath: m_RootOrder
      value: 1
      objectReference: {fileID: 0}
    - target: {fileID: 2360644, guid: d61bd59519ec86446a34df8af9f85be5, type: 3}
      propertyPath: m_Materials.Array.data[0]
      value: 
      objectReference: {fileID: 2100000, guid: ee5d59fcc8497a641905c26644c20880, type: 2}
    m_RemovedComponents: []
  m_SourcePrefab: {fileID: 100100000, guid: d61bd59519ec86446a34df8af9f85be5, type: 3}
--- !u!4 &2484497888793902517 stripped
Transform:
  m_CorrespondingSourceObject: {fileID: 449380, guid: d61bd59519ec86446a34df8af9f85be5,
    type: 3}
  m_PrefabInstance: {fileID: 2484497888793749201}
  m_PrefabAsset: {fileID: 0}
--- !u!1001 &2484497888930423258
PrefabInstance:
  m_ObjectHideFlags: 0
  serializedVersion: 2
  m_Modification:
    m_TransformParent: {fileID: 4150568125881694722}
    m_Modifications:
    - target: {fileID: 138646, guid: c838be5f7abd9c64db9643ebadf0c932, type: 3}
      propertyPath: m_Name
      value: SM_Env_Road_Crossing_02
      objectReference: {fileID: 0}
    - target: {fileID: 476138, guid: c838be5f7abd9c64db9643ebadf0c932, type: 3}
      propertyPath: m_LocalPosition.x
      value: 5
      objectReference: {fileID: 0}
    - target: {fileID: 476138, guid: c838be5f7abd9c64db9643ebadf0c932, type: 3}
      propertyPath: m_LocalPosition.y
      value: 0
      objectReference: {fileID: 0}
    - target: {fileID: 476138, guid: c838be5f7abd9c64db9643ebadf0c932, type: 3}
      propertyPath: m_LocalPosition.z
      value: -3.5
      objectReference: {fileID: 0}
    - target: {fileID: 476138, guid: c838be5f7abd9c64db9643ebadf0c932, type: 3}
      propertyPath: m_LocalRotation.x
      value: -0
      objectReference: {fileID: 0}
    - target: {fileID: 476138, guid: c838be5f7abd9c64db9643ebadf0c932, type: 3}
      propertyPath: m_LocalRotation.y
      value: -0.707109
      objectReference: {fileID: 0}
    - target: {fileID: 476138, guid: c838be5f7abd9c64db9643ebadf0c932, type: 3}
      propertyPath: m_LocalRotation.z
      value: -0
      objectReference: {fileID: 0}
    - target: {fileID: 476138, guid: c838be5f7abd9c64db9643ebadf0c932, type: 3}
      propertyPath: m_LocalRotation.w
      value: -0.7071047
      objectReference: {fileID: 0}
    - target: {fileID: 476138, guid: c838be5f7abd9c64db9643ebadf0c932, type: 3}
      propertyPath: m_RootOrder
      value: 0
      objectReference: {fileID: 0}
    - target: {fileID: 2370816, guid: c838be5f7abd9c64db9643ebadf0c932, type: 3}
      propertyPath: m_Materials.Array.data[0]
      value: 
      objectReference: {fileID: 2100000, guid: 9415d5fbf987e4d47b3c90bea3a0d824, type: 2}
    m_RemovedComponents: []
  m_SourcePrefab: {fileID: 100100000, guid: c838be5f7abd9c64db9643ebadf0c932, type: 3}
--- !u!4 &2484497888929948208 stripped
Transform:
  m_CorrespondingSourceObject: {fileID: 476138, guid: c838be5f7abd9c64db9643ebadf0c932,
    type: 3}
  m_PrefabInstance: {fileID: 2484497888930423258}
  m_PrefabAsset: {fileID: 0}
--- !u!1001 &2484497889238930174
PrefabInstance:
  m_ObjectHideFlags: 0
  serializedVersion: 2
  m_Modification:
    m_TransformParent: {fileID: 4150568125881694722}
    m_Modifications:
    - target: {fileID: 476138, guid: c838be5f7abd9c64db9643ebadf0c932, type: 3}
      propertyPath: m_LocalPosition.x
      value: 0
      objectReference: {fileID: 0}
    - target: {fileID: 476138, guid: c838be5f7abd9c64db9643ebadf0c932, type: 3}
      propertyPath: m_LocalPosition.y
      value: 0
      objectReference: {fileID: 0}
    - target: {fileID: 476138, guid: c838be5f7abd9c64db9643ebadf0c932, type: 3}
      propertyPath: m_LocalPosition.z
      value: -3.5
      objectReference: {fileID: 0}
    - target: {fileID: 476138, guid: c838be5f7abd9c64db9643ebadf0c932, type: 3}
      propertyPath: m_LocalRotation.x
      value: -0
      objectReference: {fileID: 0}
    - target: {fileID: 476138, guid: c838be5f7abd9c64db9643ebadf0c932, type: 3}
      propertyPath: m_LocalRotation.y
      value: -0.707109
      objectReference: {fileID: 0}
    - target: {fileID: 476138, guid: c838be5f7abd9c64db9643ebadf0c932, type: 3}
      propertyPath: m_LocalRotation.z
      value: -0
      objectReference: {fileID: 0}
    - target: {fileID: 476138, guid: c838be5f7abd9c64db9643ebadf0c932, type: 3}
      propertyPath: m_LocalRotation.w
      value: -0.7071047
      objectReference: {fileID: 0}
    - target: {fileID: 476138, guid: c838be5f7abd9c64db9643ebadf0c932, type: 3}
      propertyPath: m_RootOrder
      value: 1
      objectReference: {fileID: 0}
    - target: {fileID: 2370816, guid: c838be5f7abd9c64db9643ebadf0c932, type: 3}
      propertyPath: m_Materials.Array.data[0]
      value: 
      objectReference: {fileID: 2100000, guid: 9415d5fbf987e4d47b3c90bea3a0d824, type: 2}
    m_RemovedComponents: []
  m_SourcePrefab: {fileID: 100100000, guid: c838be5f7abd9c64db9643ebadf0c932, type: 3}
--- !u!4 &2484497889238978836 stripped
Transform:
  m_CorrespondingSourceObject: {fileID: 476138, guid: c838be5f7abd9c64db9643ebadf0c932,
    type: 3}
  m_PrefabInstance: {fileID: 2484497889238930174}
  m_PrefabAsset: {fileID: 0}
--- !u!1001 &2484497889362439893
PrefabInstance:
  m_ObjectHideFlags: 0
  serializedVersion: 2
  m_Modification:
    m_TransformParent: {fileID: 1569413302646639620}
    m_Modifications:
    - target: {fileID: 165012, guid: dab5db0c0226560499e1021898aafb64, type: 3}
      propertyPath: m_Name
      value: SM_Env_Road_Bare_02
      objectReference: {fileID: 0}
    - target: {fileID: 493038, guid: dab5db0c0226560499e1021898aafb64, type: 3}
      propertyPath: m_LocalPosition.x
      value: -5
      objectReference: {fileID: 0}
    - target: {fileID: 493038, guid: dab5db0c0226560499e1021898aafb64, type: 3}
      propertyPath: m_LocalPosition.y
      value: 0
      objectReference: {fileID: 0}
    - target: {fileID: 493038, guid: dab5db0c0226560499e1021898aafb64, type: 3}
      propertyPath: m_LocalPosition.z
      value: 5
      objectReference: {fileID: 0}
    - target: {fileID: 493038, guid: dab5db0c0226560499e1021898aafb64, type: 3}
      propertyPath: m_LocalRotation.x
      value: 0
      objectReference: {fileID: 0}
    - target: {fileID: 493038, guid: dab5db0c0226560499e1021898aafb64, type: 3}
      propertyPath: m_LocalRotation.y
      value: -0.7071068
      objectReference: {fileID: 0}
    - target: {fileID: 493038, guid: dab5db0c0226560499e1021898aafb64, type: 3}
      propertyPath: m_LocalRotation.z
      value: 0
      objectReference: {fileID: 0}
    - target: {fileID: 493038, guid: dab5db0c0226560499e1021898aafb64, type: 3}
      propertyPath: m_LocalRotation.w
      value: 0.7071068
      objectReference: {fileID: 0}
    - target: {fileID: 493038, guid: dab5db0c0226560499e1021898aafb64, type: 3}
      propertyPath: m_RootOrder
      value: 1
      objectReference: {fileID: 0}
    - target: {fileID: 493038, guid: dab5db0c0226560499e1021898aafb64, type: 3}
      propertyPath: m_LocalEulerAnglesHint.y
      value: -90
      objectReference: {fileID: 0}
    - target: {fileID: 2304996, guid: dab5db0c0226560499e1021898aafb64, type: 3}
      propertyPath: m_Materials.Array.data[0]
      value: 
      objectReference: {fileID: 2100000, guid: 9415d5fbf987e4d47b3c90bea3a0d824, type: 2}
    m_RemovedComponents: []
  m_SourcePrefab: {fileID: 100100000, guid: dab5db0c0226560499e1021898aafb64, type: 3}
--- !u!4 &2484497889361947451 stripped
Transform:
  m_CorrespondingSourceObject: {fileID: 493038, guid: dab5db0c0226560499e1021898aafb64,
    type: 3}
  m_PrefabInstance: {fileID: 2484497889362439893}
  m_PrefabAsset: {fileID: 0}
--- !u!1001 &2484497890027004372
PrefabInstance:
  m_ObjectHideFlags: 0
  serializedVersion: 2
  m_Modification:
    m_TransformParent: {fileID: 8161612656808989192}
    m_Modifications:
    - target: {fileID: 138646, guid: c838be5f7abd9c64db9643ebadf0c932, type: 3}
      propertyPath: m_Name
      value: SM_Env_Road_Crossing_06
      objectReference: {fileID: 0}
    - target: {fileID: 476138, guid: c838be5f7abd9c64db9643ebadf0c932, type: 3}
      propertyPath: m_LocalPosition.x
      value: 3.5
      objectReference: {fileID: 0}
    - target: {fileID: 476138, guid: c838be5f7abd9c64db9643ebadf0c932, type: 3}
      propertyPath: m_LocalPosition.y
      value: 0
      objectReference: {fileID: 0}
    - target: {fileID: 476138, guid: c838be5f7abd9c64db9643ebadf0c932, type: 3}
      propertyPath: m_LocalPosition.z
      value: 0.000031918287
      objectReference: {fileID: 0}
    - target: {fileID: 476138, guid: c838be5f7abd9c64db9643ebadf0c932, type: 3}
      propertyPath: m_LocalRotation.x
      value: -0
      objectReference: {fileID: 0}
    - target: {fileID: 476138, guid: c838be5f7abd9c64db9643ebadf0c932, type: 3}
      propertyPath: m_LocalRotation.y
      value: 0.000004976988
      objectReference: {fileID: 0}
    - target: {fileID: 476138, guid: c838be5f7abd9c64db9643ebadf0c932, type: 3}
      propertyPath: m_LocalRotation.z
      value: -0
      objectReference: {fileID: 0}
    - target: {fileID: 476138, guid: c838be5f7abd9c64db9643ebadf0c932, type: 3}
      propertyPath: m_LocalRotation.w
      value: -1
      objectReference: {fileID: 0}
    - target: {fileID: 476138, guid: c838be5f7abd9c64db9643ebadf0c932, type: 3}
      propertyPath: m_RootOrder
      value: 0
      objectReference: {fileID: 0}
    - target: {fileID: 2370816, guid: c838be5f7abd9c64db9643ebadf0c932, type: 3}
      propertyPath: m_Materials.Array.data[0]
      value: 
      objectReference: {fileID: 2100000, guid: 9415d5fbf987e4d47b3c90bea3a0d824, type: 2}
    m_RemovedComponents: []
  m_SourcePrefab: {fileID: 100100000, guid: c838be5f7abd9c64db9643ebadf0c932, type: 3}
--- !u!4 &2484497890026922558 stripped
Transform:
  m_CorrespondingSourceObject: {fileID: 476138, guid: c838be5f7abd9c64db9643ebadf0c932,
    type: 3}
  m_PrefabInstance: {fileID: 2484497890027004372}
  m_PrefabAsset: {fileID: 0}
--- !u!1001 &2484497890162122550
PrefabInstance:
  m_ObjectHideFlags: 0
  serializedVersion: 2
  m_Modification:
    m_TransformParent: {fileID: 1569413302646639620}
    m_Modifications:
    - target: {fileID: 165012, guid: dab5db0c0226560499e1021898aafb64, type: 3}
      propertyPath: m_Name
      value: SM_Env_Road_Bare_04
      objectReference: {fileID: 0}
    - target: {fileID: 493038, guid: dab5db0c0226560499e1021898aafb64, type: 3}
      propertyPath: m_LocalPosition.x
      value: 5
      objectReference: {fileID: 0}
    - target: {fileID: 493038, guid: dab5db0c0226560499e1021898aafb64, type: 3}
      propertyPath: m_LocalPosition.y
      value: 0
      objectReference: {fileID: 0}
    - target: {fileID: 493038, guid: dab5db0c0226560499e1021898aafb64, type: 3}
      propertyPath: m_LocalPosition.z
      value: 5
      objectReference: {fileID: 0}
    - target: {fileID: 493038, guid: dab5db0c0226560499e1021898aafb64, type: 3}
      propertyPath: m_LocalRotation.x
      value: -0
      objectReference: {fileID: 0}
    - target: {fileID: 493038, guid: dab5db0c0226560499e1021898aafb64, type: 3}
      propertyPath: m_LocalRotation.y
      value: -0.0000004172325
      objectReference: {fileID: 0}
    - target: {fileID: 493038, guid: dab5db0c0226560499e1021898aafb64, type: 3}
      propertyPath: m_LocalRotation.z
      value: -0
      objectReference: {fileID: 0}
    - target: {fileID: 493038, guid: dab5db0c0226560499e1021898aafb64, type: 3}
      propertyPath: m_LocalRotation.w
      value: 1
      objectReference: {fileID: 0}
    - target: {fileID: 493038, guid: dab5db0c0226560499e1021898aafb64, type: 3}
      propertyPath: m_RootOrder
      value: 2
      objectReference: {fileID: 0}
    - target: {fileID: 2304996, guid: dab5db0c0226560499e1021898aafb64, type: 3}
      propertyPath: m_Materials.Array.data[0]
      value: 
      objectReference: {fileID: 2100000, guid: 9415d5fbf987e4d47b3c90bea3a0d824, type: 2}
    m_RemovedComponents: []
  m_SourcePrefab: {fileID: 100100000, guid: dab5db0c0226560499e1021898aafb64, type: 3}
--- !u!4 &2484497890162350808 stripped
Transform:
  m_CorrespondingSourceObject: {fileID: 493038, guid: dab5db0c0226560499e1021898aafb64,
    type: 3}
  m_PrefabInstance: {fileID: 2484497890162122550}
  m_PrefabAsset: {fileID: 0}
--- !u!1001 &2484497890297486996
PrefabInstance:
  m_ObjectHideFlags: 0
  serializedVersion: 2
  m_Modification:
    m_TransformParent: {fileID: 8161612656808989192}
    m_Modifications:
    - target: {fileID: 138646, guid: c838be5f7abd9c64db9643ebadf0c932, type: 3}
      propertyPath: m_Name
      value: SM_Env_Road_Crossing_05
      objectReference: {fileID: 0}
    - target: {fileID: 476138, guid: c838be5f7abd9c64db9643ebadf0c932, type: 3}
      propertyPath: m_LocalPosition.x
      value: -1.5
      objectReference: {fileID: 0}
    - target: {fileID: 476138, guid: c838be5f7abd9c64db9643ebadf0c932, type: 3}
      propertyPath: m_LocalPosition.y
      value: 0
      objectReference: {fileID: 0}
    - target: {fileID: 476138, guid: c838be5f7abd9c64db9643ebadf0c932, type: 3}
      propertyPath: m_LocalPosition.z
      value: -0.000013679266
      objectReference: {fileID: 0}
    - target: {fileID: 476138, guid: c838be5f7abd9c64db9643ebadf0c932, type: 3}
      propertyPath: m_LocalRotation.x
      value: -0
      objectReference: {fileID: 0}
    - target: {fileID: 476138, guid: c838be5f7abd9c64db9643ebadf0c932, type: 3}
      propertyPath: m_LocalRotation.y
      value: 1
      objectReference: {fileID: 0}
    - target: {fileID: 476138, guid: c838be5f7abd9c64db9643ebadf0c932, type: 3}
      propertyPath: m_LocalRotation.z
      value: -0
      objectReference: {fileID: 0}
    - target: {fileID: 476138, guid: c838be5f7abd9c64db9643ebadf0c932, type: 3}
      propertyPath: m_LocalRotation.w
      value: 0.0000028610232
      objectReference: {fileID: 0}
    - target: {fileID: 476138, guid: c838be5f7abd9c64db9643ebadf0c932, type: 3}
      propertyPath: m_RootOrder
      value: 1
      objectReference: {fileID: 0}
    - target: {fileID: 2370816, guid: c838be5f7abd9c64db9643ebadf0c932, type: 3}
      propertyPath: m_Materials.Array.data[0]
      value: 
      objectReference: {fileID: 2100000, guid: 9415d5fbf987e4d47b3c90bea3a0d824, type: 2}
    m_RemovedComponents: []
  m_SourcePrefab: {fileID: 100100000, guid: c838be5f7abd9c64db9643ebadf0c932, type: 3}
--- !u!4 &2484497890297568638 stripped
Transform:
  m_CorrespondingSourceObject: {fileID: 476138, guid: c838be5f7abd9c64db9643ebadf0c932,
    type: 3}
  m_PrefabInstance: {fileID: 2484497890297486996}
  m_PrefabAsset: {fileID: 0}
--- !u!1001 &2484497890382242294
PrefabInstance:
  m_ObjectHideFlags: 0
  serializedVersion: 2
  m_Modification:
    m_TransformParent: {fileID: 1569413302646639620}
    m_Modifications:
    - target: {fileID: 165012, guid: dab5db0c0226560499e1021898aafb64, type: 3}
      propertyPath: m_Name
      value: SM_Env_Road_Bare_03
      objectReference: {fileID: 0}
    - target: {fileID: 493038, guid: dab5db0c0226560499e1021898aafb64, type: 3}
      propertyPath: m_LocalPosition.x
      value: 0
      objectReference: {fileID: 0}
    - target: {fileID: 493038, guid: dab5db0c0226560499e1021898aafb64, type: 3}
      propertyPath: m_LocalPosition.y
      value: 0
      objectReference: {fileID: 0}
    - target: {fileID: 493038, guid: dab5db0c0226560499e1021898aafb64, type: 3}
      propertyPath: m_LocalPosition.z
      value: -5
      objectReference: {fileID: 0}
    - target: {fileID: 493038, guid: dab5db0c0226560499e1021898aafb64, type: 3}
      propertyPath: m_LocalRotation.x
      value: 0
      objectReference: {fileID: 0}
    - target: {fileID: 493038, guid: dab5db0c0226560499e1021898aafb64, type: 3}
      propertyPath: m_LocalRotation.y
      value: 0.7071068
      objectReference: {fileID: 0}
    - target: {fileID: 493038, guid: dab5db0c0226560499e1021898aafb64, type: 3}
      propertyPath: m_LocalRotation.z
      value: 0
      objectReference: {fileID: 0}
    - target: {fileID: 493038, guid: dab5db0c0226560499e1021898aafb64, type: 3}
      propertyPath: m_LocalRotation.w
      value: 0.7071068
      objectReference: {fileID: 0}
    - target: {fileID: 493038, guid: dab5db0c0226560499e1021898aafb64, type: 3}
      propertyPath: m_RootOrder
      value: 3
      objectReference: {fileID: 0}
    - target: {fileID: 493038, guid: dab5db0c0226560499e1021898aafb64, type: 3}
      propertyPath: m_LocalEulerAnglesHint.y
      value: 90
      objectReference: {fileID: 0}
    - target: {fileID: 2304996, guid: dab5db0c0226560499e1021898aafb64, type: 3}
      propertyPath: m_Materials.Array.data[0]
      value: 
      objectReference: {fileID: 2100000, guid: 9415d5fbf987e4d47b3c90bea3a0d824, type: 2}
    m_RemovedComponents: []
  m_SourcePrefab: {fileID: 100100000, guid: dab5db0c0226560499e1021898aafb64, type: 3}
--- !u!4 &2484497890382668824 stripped
Transform:
  m_CorrespondingSourceObject: {fileID: 493038, guid: dab5db0c0226560499e1021898aafb64,
    type: 3}
  m_PrefabInstance: {fileID: 2484497890382242294}
  m_PrefabAsset: {fileID: 0}
--- !u!1001 &2697530506353211631
PrefabInstance:
  m_ObjectHideFlags: 0
  serializedVersion: 2
  m_Modification:
    m_TransformParent: {fileID: 5649092369451393666}
    m_Modifications:
    - target: {fileID: 138646, guid: c838be5f7abd9c64db9643ebadf0c932, type: 3}
      propertyPath: m_Name
      value: SM_Env_Road_Crossing_01 (1)
      objectReference: {fileID: 0}
    - target: {fileID: 476138, guid: c838be5f7abd9c64db9643ebadf0c932, type: 3}
      propertyPath: m_LocalPosition.x
      value: 0
      objectReference: {fileID: 0}
    - target: {fileID: 476138, guid: c838be5f7abd9c64db9643ebadf0c932, type: 3}
      propertyPath: m_LocalPosition.y
      value: 0
      objectReference: {fileID: 0}
    - target: {fileID: 476138, guid: c838be5f7abd9c64db9643ebadf0c932, type: 3}
      propertyPath: m_LocalPosition.z
      value: -1.5
      objectReference: {fileID: 0}
    - target: {fileID: 476138, guid: c838be5f7abd9c64db9643ebadf0c932, type: 3}
      propertyPath: m_LocalRotation.x
      value: -0
      objectReference: {fileID: 0}
    - target: {fileID: 476138, guid: c838be5f7abd9c64db9643ebadf0c932, type: 3}
      propertyPath: m_LocalRotation.y
      value: -0.707109
      objectReference: {fileID: 0}
    - target: {fileID: 476138, guid: c838be5f7abd9c64db9643ebadf0c932, type: 3}
      propertyPath: m_LocalRotation.z
      value: -0
      objectReference: {fileID: 0}
    - target: {fileID: 476138, guid: c838be5f7abd9c64db9643ebadf0c932, type: 3}
      propertyPath: m_LocalRotation.w
      value: -0.7071047
      objectReference: {fileID: 0}
    - target: {fileID: 476138, guid: c838be5f7abd9c64db9643ebadf0c932, type: 3}
      propertyPath: m_RootOrder
      value: 1
      objectReference: {fileID: 0}
    - target: {fileID: 2370816, guid: c838be5f7abd9c64db9643ebadf0c932, type: 3}
      propertyPath: m_Materials.Array.data[0]
      value: 
      objectReference: {fileID: 2100000, guid: 9415d5fbf987e4d47b3c90bea3a0d824, type: 2}
    m_RemovedComponents: []
  m_SourcePrefab: {fileID: 100100000, guid: c838be5f7abd9c64db9643ebadf0c932, type: 3}
--- !u!4 &2697530506352868101 stripped
Transform:
  m_CorrespondingSourceObject: {fileID: 476138, guid: c838be5f7abd9c64db9643ebadf0c932,
    type: 3}
  m_PrefabInstance: {fileID: 2697530506353211631}
  m_PrefabAsset: {fileID: 0}
--- !u!1001 &4326449693323393903
PrefabInstance:
  m_ObjectHideFlags: 0
  serializedVersion: 2
  m_Modification:
    m_TransformParent: {fileID: 2486663780965340942}
    m_Modifications:
    - target: {fileID: 152188, guid: d61bd59519ec86446a34df8af9f85be5, type: 3}
      propertyPath: m_Name
      value: SM_Env_Sidewalk_Dip_Corner_01 (1)
      objectReference: {fileID: 0}
    - target: {fileID: 449380, guid: d61bd59519ec86446a34df8af9f85be5, type: 3}
      propertyPath: m_LocalPosition.x
      value: 5
      objectReference: {fileID: 0}
    - target: {fileID: 449380, guid: d61bd59519ec86446a34df8af9f85be5, type: 3}
      propertyPath: m_LocalPosition.y
      value: 0
      objectReference: {fileID: 0}
    - target: {fileID: 449380, guid: d61bd59519ec86446a34df8af9f85be5, type: 3}
      propertyPath: m_LocalPosition.z
      value: 10
      objectReference: {fileID: 0}
    - target: {fileID: 449380, guid: d61bd59519ec86446a34df8af9f85be5, type: 3}
      propertyPath: m_LocalRotation.x
      value: 0
      objectReference: {fileID: 0}
    - target: {fileID: 449380, guid: d61bd59519ec86446a34df8af9f85be5, type: 3}
      propertyPath: m_LocalRotation.y
      value: 0.7071079
      objectReference: {fileID: 0}
    - target: {fileID: 449380, guid: d61bd59519ec86446a34df8af9f85be5, type: 3}
      propertyPath: m_LocalRotation.z
      value: -0
      objectReference: {fileID: 0}
    - target: {fileID: 449380, guid: d61bd59519ec86446a34df8af9f85be5, type: 3}
      propertyPath: m_LocalRotation.w
      value: -0.70710576
      objectReference: {fileID: 0}
    - target: {fileID: 449380, guid: d61bd59519ec86446a34df8af9f85be5, type: 3}
      propertyPath: m_RootOrder
      value: 0
      objectReference: {fileID: 0}
    - target: {fileID: 449380, guid: d61bd59519ec86446a34df8af9f85be5, type: 3}
      propertyPath: m_LocalEulerAnglesHint.y
      value: 180
      objectReference: {fileID: 0}
    - target: {fileID: 2360644, guid: d61bd59519ec86446a34df8af9f85be5, type: 3}
      propertyPath: m_Materials.Array.data[0]
      value: 
      objectReference: {fileID: 2100000, guid: ee5d59fcc8497a641905c26644c20880, type: 2}
    m_RemovedComponents: []
  m_SourcePrefab: {fileID: 100100000, guid: d61bd59519ec86446a34df8af9f85be5, type: 3}
--- !u!4 &4326449693323534347 stripped
Transform:
  m_CorrespondingSourceObject: {fileID: 449380, guid: d61bd59519ec86446a34df8af9f85be5,
    type: 3}
  m_PrefabInstance: {fileID: 4326449693323393903}
  m_PrefabAsset: {fileID: 0}
--- !u!1001 &7189996165035886470
PrefabInstance:
  m_ObjectHideFlags: 0
  serializedVersion: 2
  m_Modification:
    m_TransformParent: {fileID: 2486663780965340942}
    m_Modifications:
    - target: {fileID: 195910, guid: ae7b8255185ace64ca379cb1ca3b24e6, type: 3}
      propertyPath: m_Name
      value: SM_Env_Sidewalk_Straight_01
      objectReference: {fileID: 0}
    - target: {fileID: 413058, guid: ae7b8255185ace64ca379cb1ca3b24e6, type: 3}
      propertyPath: m_LocalPosition.x
      value: -5
      objectReference: {fileID: 0}
    - target: {fileID: 413058, guid: ae7b8255185ace64ca379cb1ca3b24e6, type: 3}
      propertyPath: m_LocalPosition.y
      value: 0
      objectReference: {fileID: 0}
    - target: {fileID: 413058, guid: ae7b8255185ace64ca379cb1ca3b24e6, type: 3}
      propertyPath: m_LocalPosition.z
      value: -10
      objectReference: {fileID: 0}
    - target: {fileID: 413058, guid: ae7b8255185ace64ca379cb1ca3b24e6, type: 3}
      propertyPath: m_LocalRotation.x
      value: -0
      objectReference: {fileID: 0}
    - target: {fileID: 413058, guid: ae7b8255185ace64ca379cb1ca3b24e6, type: 3}
      propertyPath: m_LocalRotation.y
      value: 0.7071068
      objectReference: {fileID: 0}
    - target: {fileID: 413058, guid: ae7b8255185ace64ca379cb1ca3b24e6, type: 3}
      propertyPath: m_LocalRotation.z
      value: -0
      objectReference: {fileID: 0}
    - target: {fileID: 413058, guid: ae7b8255185ace64ca379cb1ca3b24e6, type: 3}
      propertyPath: m_LocalRotation.w
      value: 0.7071068
      objectReference: {fileID: 0}
    - target: {fileID: 413058, guid: ae7b8255185ace64ca379cb1ca3b24e6, type: 3}
      propertyPath: m_RootOrder
      value: 5
      objectReference: {fileID: 0}
    - target: {fileID: 413058, guid: ae7b8255185ace64ca379cb1ca3b24e6, type: 3}
      propertyPath: m_LocalEulerAnglesHint.x
      value: 0
      objectReference: {fileID: 0}
    - target: {fileID: 413058, guid: ae7b8255185ace64ca379cb1ca3b24e6, type: 3}
      propertyPath: m_LocalEulerAnglesHint.y
      value: 90
      objectReference: {fileID: 0}
    - target: {fileID: 413058, guid: ae7b8255185ace64ca379cb1ca3b24e6, type: 3}
      propertyPath: m_LocalEulerAnglesHint.z
      value: 0
      objectReference: {fileID: 0}
    m_RemovedComponents: []
  m_SourcePrefab: {fileID: 100100000, guid: ae7b8255185ace64ca379cb1ca3b24e6, type: 3}
--- !u!4 &7189996165036034564 stripped
Transform:
  m_CorrespondingSourceObject: {fileID: 413058, guid: ae7b8255185ace64ca379cb1ca3b24e6,
    type: 3}
  m_PrefabInstance: {fileID: 7189996165035886470}
  m_PrefabAsset: {fileID: 0}
--- !u!1001 &8013581930123357772
PrefabInstance:
  m_ObjectHideFlags: 0
  serializedVersion: 2
  m_Modification:
    m_TransformParent: {fileID: 2486663780965340942}
    m_Modifications:
    - target: {fileID: 195910, guid: ae7b8255185ace64ca379cb1ca3b24e6, type: 3}
      propertyPath: m_Name
      value: SM_Env_Sidewalk_Straight_01 (3)
      objectReference: {fileID: 0}
    - target: {fileID: 413058, guid: ae7b8255185ace64ca379cb1ca3b24e6, type: 3}
      propertyPath: m_LocalPosition.x
      value: -5
      objectReference: {fileID: 0}
    - target: {fileID: 413058, guid: ae7b8255185ace64ca379cb1ca3b24e6, type: 3}
      propertyPath: m_LocalPosition.y
      value: 0
      objectReference: {fileID: 0}
    - target: {fileID: 413058, guid: ae7b8255185ace64ca379cb1ca3b24e6, type: 3}
      propertyPath: m_LocalPosition.z
      value: 5
      objectReference: {fileID: 0}
    - target: {fileID: 413058, guid: ae7b8255185ace64ca379cb1ca3b24e6, type: 3}
      propertyPath: m_LocalRotation.x
      value: -0
      objectReference: {fileID: 0}
    - target: {fileID: 413058, guid: ae7b8255185ace64ca379cb1ca3b24e6, type: 3}
      propertyPath: m_LocalRotation.y
      value: 0.7071068
      objectReference: {fileID: 0}
    - target: {fileID: 413058, guid: ae7b8255185ace64ca379cb1ca3b24e6, type: 3}
      propertyPath: m_LocalRotation.z
      value: -0
      objectReference: {fileID: 0}
    - target: {fileID: 413058, guid: ae7b8255185ace64ca379cb1ca3b24e6, type: 3}
      propertyPath: m_LocalRotation.w
      value: 0.7071068
      objectReference: {fileID: 0}
    - target: {fileID: 413058, guid: ae7b8255185ace64ca379cb1ca3b24e6, type: 3}
      propertyPath: m_RootOrder
      value: 2
      objectReference: {fileID: 0}
    - target: {fileID: 413058, guid: ae7b8255185ace64ca379cb1ca3b24e6, type: 3}
      propertyPath: m_LocalEulerAnglesHint.x
      value: 0
      objectReference: {fileID: 0}
    - target: {fileID: 413058, guid: ae7b8255185ace64ca379cb1ca3b24e6, type: 3}
      propertyPath: m_LocalEulerAnglesHint.y
      value: 90
      objectReference: {fileID: 0}
    - target: {fileID: 413058, guid: ae7b8255185ace64ca379cb1ca3b24e6, type: 3}
      propertyPath: m_LocalEulerAnglesHint.z
      value: 0
      objectReference: {fileID: 0}
    m_RemovedComponents: []
  m_SourcePrefab: {fileID: 100100000, guid: ae7b8255185ace64ca379cb1ca3b24e6, type: 3}
--- !u!4 &8013581930123207630 stripped
Transform:
  m_CorrespondingSourceObject: {fileID: 413058, guid: ae7b8255185ace64ca379cb1ca3b24e6,
    type: 3}
  m_PrefabInstance: {fileID: 8013581930123357772}
  m_PrefabAsset: {fileID: 0}
--- !u!1001 &8686700345683586957
PrefabInstance:
  m_ObjectHideFlags: 0
  serializedVersion: 2
  m_Modification:
    m_TransformParent: {fileID: 5649092369451393666}
    m_Modifications:
    - target: {fileID: 138646, guid: c838be5f7abd9c64db9643ebadf0c932, type: 3}
      propertyPath: m_Name
      value: SM_Env_Road_Crossing_02 (1)
      objectReference: {fileID: 0}
    - target: {fileID: 476138, guid: c838be5f7abd9c64db9643ebadf0c932, type: 3}
      propertyPath: m_LocalPosition.x
      value: 5
      objectReference: {fileID: 0}
    - target: {fileID: 476138, guid: c838be5f7abd9c64db9643ebadf0c932, type: 3}
      propertyPath: m_LocalPosition.y
      value: 0
      objectReference: {fileID: 0}
    - target: {fileID: 476138, guid: c838be5f7abd9c64db9643ebadf0c932, type: 3}
      propertyPath: m_LocalPosition.z
      value: -1.5
      objectReference: {fileID: 0}
    - target: {fileID: 476138, guid: c838be5f7abd9c64db9643ebadf0c932, type: 3}
      propertyPath: m_LocalRotation.x
      value: -0
      objectReference: {fileID: 0}
    - target: {fileID: 476138, guid: c838be5f7abd9c64db9643ebadf0c932, type: 3}
      propertyPath: m_LocalRotation.y
      value: -0.707109
      objectReference: {fileID: 0}
    - target: {fileID: 476138, guid: c838be5f7abd9c64db9643ebadf0c932, type: 3}
      propertyPath: m_LocalRotation.z
      value: -0
      objectReference: {fileID: 0}
    - target: {fileID: 476138, guid: c838be5f7abd9c64db9643ebadf0c932, type: 3}
      propertyPath: m_LocalRotation.w
      value: -0.7071047
      objectReference: {fileID: 0}
    - target: {fileID: 476138, guid: c838be5f7abd9c64db9643ebadf0c932, type: 3}
      propertyPath: m_RootOrder
      value: 0
      objectReference: {fileID: 0}
    - target: {fileID: 2370816, guid: c838be5f7abd9c64db9643ebadf0c932, type: 3}
      propertyPath: m_Materials.Array.data[0]
      value: 
      objectReference: {fileID: 2100000, guid: 9415d5fbf987e4d47b3c90bea3a0d824, type: 2}
    m_RemovedComponents: []
  m_SourcePrefab: {fileID: 100100000, guid: c838be5f7abd9c64db9643ebadf0c932, type: 3}
--- !u!4 &8686700345683668071 stripped
Transform:
  m_CorrespondingSourceObject: {fileID: 476138, guid: c838be5f7abd9c64db9643ebadf0c932,
    type: 3}
  m_PrefabInstance: {fileID: 8686700345683586957}
  m_PrefabAsset: {fileID: 0}
